 Dungeon Crawl Stone Soup version 0.29-a0-320-g9f8742066b (webtiles) character file.

Game seed: 2738106801835150841

231 sokol815 the Skirmisher (level 5, -2/47 HPs)
             Began as a Demigod Fighter on Apr 3, 2022.
             Slain by a gnoll
             ... wielding a +0 halberd
              (12 damage)
             ... on level 3 of the Dungeon.
             The game lasted 00:05:02 (2915 turns).

sokol815 the Skirmisher (Demigod Fighter)           Turns: 2915, Time: 00:05:02

Health: -2/47      AC: 10    Str: 17    XL:     5   Next: 44%
Magic:  7/7        EV:  6    Int: 14    God:
Gold:   83         SH:  4    Dex: 13    Spells: 4/4 levels left

rFire   . . .      SeeInvis .   a - +1 war axe
rCold   . . .      Faith    .   c - +0 buckler
rNeg    . . .      Spirit   .   h - +2 chain mail {rPois}
rPois   +          Reflect  .   (no helmet)
rElec   .          Harm     .   (no cloak)
rCorr   +          Rampage  .   (no gloves)
Will    +....                   (no boots)
Stlth   ..........              (no amulet)
HPRegen 0.15/turn               X - ring of resist corrosion
MPRegen 0.10/turn               W - ring of willpower

@: hasted, very quick
A: high MP 1, forlorn, divine attributes
a: no special abilities


You were on level 3 of the Dungeon.
You visited 1 branch of the dungeon, and saw 3 of its levels.

You collected 83 gold pieces.

Inventory:

Hand Weapons
 a - a +1 war axe (weapon)
 e - a +1 dagger of protection
   (You found it on level 2 of the Dungeon)
Missiles
 s - 64 stones
Armour
 b - a +0 scale mail
 c - a +0 buckler (worn)
 f - an orb of wrath
   (You found it on level 2 of the Dungeon)
 h - a +2 chain mail of poison resistance (worn)
   (You took it off Terence on level 3 of the Dungeon)
 j - a +0 chain mail
   (You found it on level 2 of the Dungeon)
Jewellery
 W - a ring of willpower (right hand)
   (You found it on level 2 of the Dungeon)
 X - a ring of resist corrosion (left hand)
   (You found it on level 1 of the Dungeon)
Wands
 q - a wand of flame (13)
   (You took it off Terence on level 3 of the Dungeon)
Scrolls
 d - a scroll of torment {!r}
 i - a scroll of fog
 D - a scroll of blinking {!r}
 S - a scroll of summoning
 Y - 2 scrolls of teleportation {@r3}
Potions
 g - a potion of resistance {unknown}
 P - a potion of lignification {!q}


   Skills:
 + Level 4.6 Fighting
 + Level 4.0 Axes
 - Level 2.6 Armour
 - Level 2.6 Shields


You had 4 spell levels left.
You didn't know any spells.
Your spell library contained the following spells:

 Spells                   Type           Power      Damage    Failure   Level
 Passage of Golubria      Tloc           0%         N/A       100%        4
 Silence                  Hex/Air        0%         N/A       100%        5
 Lehudib's Crystal Spear  Conj/Erth      0%         10d2      100%        8


Dungeon Overview and Level Annotations

Branches:
Dungeon (3/15)

Shops:
D:1 *


Innate Abilities, Weirdness & Mutations

You have an increased reservoir of magic. (+10% MP)
You shall have no god before yourself.
Your divine heritage dramatically boosts your attributes as you level up.


Message History

You take 1 damage, and have 32/47 hp.
You barely miss something. Something hits you but does no damage.
You hit something.
Something hits you but does no damage. x2
You closely miss something. You block something's attack.
You closely miss something. Something hits you but does no damage.
You miss something. Something hits you but does no damage.
You block something's attack.
You miss something.
You hear some strange, mumbled words.
A puff of flame appears from out of thin air!
The puff of flame hits you.
You take 1 damage, and have 32/47 hp.
You barely miss something. Something hits you but does no damage.
You barely miss something. Something hits you but does no damage.
You block something's attack.
You barely miss something. Something hits you.
You take 2 damage, and have 30/47 hp.
You closely miss something. Something hits you.
You take 2 damage, and have 28/47 hp.
You closely miss something. You block something's attack.
Something hits you but does no damage.
You closely miss something.
An orc wizard appears from thin air!
Reactivating autopickup.
You block the orc wizard's attack.
You hit the orc wizard.
The orc wizard hits you but does no damage.
You slash the orc wizard!
You kill the orc wizard!
Things that are here:
a +0 dagger; a +0 robe
Items here: ))) [ †.
You start resting.
Health restored: 47
Things that are here:
a +0 dagger; a +0 robe
Items here: ))) [ †.
Okay, then.
Found a stone staircase leading down.
D - a scroll of blinking {!r}
Okay, then.
Okay, then.
i - a scroll of fog
There is a stone staircase leading down here.
As you open the door, it creaks loudly!
There is an open door here.
A gnoll comes into view. It is wielding a +0 whip.
The gnoll shouts!
A gnoll comes into view. It is wielding a +0 spear.
A gnoll comes into view. It is wielding a +0 club.
The gnoll shouts! x2; You hear a shout!
A gnoll comes into view. It is wielding a +0 halberd.
The gnoll barely misses you.
You hit the gnoll. The gnoll hits you but does no damage.
You closely miss the gnoll. The gnoll hits you with a +0 whip.
The gnoll barely misses you.
You take 5 damage, and have 42/47 hp.
You barely miss the gnoll. You hit the gnoll but do no damage.
The gnoll barely misses you. The gnoll completely misses you.
The gnoll hits you from afar with a +0 spear.
The gnoll hits you with a +0 whip. The gnoll hits you but does no damage.
You take 4 damage, and have 38/47 hp.
Okay, then.
You feel yourself speed up. The gnoll hits you with a +0 club.
You block the gnoll's attack.
The gnoll hits you from afar with a +0 spear.
The gnoll barely misses you.
You take 5 damage, and have 33/47 hp.
You hit the gnoll. You barely miss the gnoll.
The gnoll hits you but does no damage. You block the gnoll's attack.
The gnoll closely misses you.
You barely miss the gnoll. You hit the gnoll.
The gnoll hits you from afar with a +0 halberd.
You take 1 damage, and have 32/47 hp.
You slash the gnoll!
You kill the gnoll!
You hit the gnoll but do no damage. The gnoll hits you but does no damage.
You block the gnoll's attack. x2
Your Axes skill increases to level 4!
You closely miss the gnoll. You block the gnoll's attack.
The gnoll hits you from afar with a +0 spear.
The gnoll hits you from afar with a +0 halberd.
You take 2 damage, and have 30/47 hp.
You hit the gnoll. The gnoll hits you with a +0 club.
The gnoll hits you but does no damage.
The gnoll hits you from afar with a +0 halberd!
You take 11 damage, and have 19/47 hp.
MASSIVE DAMAGE!!
You slash the gnoll!
You kill the gnoll!
The gnoll completely misses you. The gnoll hits you with a +0 halberd.
You take 5 damage, and have 15/47 hp.
You closely miss the gnoll. You hit the gnoll.
The gnoll hits you with a +0 spear.
* * * LOW HITPOINT WARNING * * *
The gnoll barely misses you.
You take 5 damage, and have 10/47 hp.
You slash the gnoll! You hit the gnoll but do no damage.
The gnoll hits you but does no damage. The gnoll hits you with a +0 halberd!
You die...

#.# ##...............#
##....... #.#
##.....#........###...≈≈≈#≈
#.#
##...###.......##...≈≈####
#.# ###.#........##...≈≈##
..# #.#........#♣..≈≈##
#.##.....?.#...≈##
#..........#...≈#
######)....#...##
#.@)..##...≈#
#gg....#...≈##
#......##♣..≈≈##
.........##...≈≈##
#..........##...≈≈####
...........#.##...≈≈≈#≈
.≈≈≈.......##..##.......
≈≈8≈≈....... ##......
##♣....


You could see 2 gnolls.

Vanquished Creatures
  An orc priest (D:3)
  Terence (D:3)
  An orc wizard (D:3)
  3 gnolls
  3 adders (D:2)
  A worm (D:3)
  A dart slug (D:1)
  2 orcs (D:3)
  10 bats
  7 endoplasms
  7 goblins
  5 hobgoblins
  8 ball pythons
  3 frilled lizards (D:2)
  3 kobolds
  4 rats
60 creatures vanquished.

Vanquished Creatures (collateral kills)
  3 gnolls (D:2)
3 creatures vanquished.

Grand Total: 63 creatures vanquished

Notes
Turn   | Place    | Note
-------+----------+-------------------------------------------
     0 | D:1      | sokol815 the Demigod Fighter began the quest for the Orb.
     0 | D:1      | Reached XP level 1. HP: 18/18 MP: 3/3
    35 | D:1      | Reached skill level 2 in Axes
   115 | D:1      | HP: 4/18 [ball python (3)]
   364 | D:1      | Reached skill level 3 in Fighting
   501 | D:1      | Reached XP level 2. HP: 22/26 MP: 4/4
   918 | D:1      | Found Iqawn's Assorted Antiques.
  1108 | D:1      | Reached XP level 3. HP: 29/31 MP: 5/5
  1535 | D:2      | Reached skill level 3 in Axes
  1553 | D:2      | Reached XP level 4. HP: 24/40 MP: 6/6
  1850 | D:2      | Reached skill level 4 in Fighting
  2351 | D:3      | Noticed Terence
  2357 | D:3      | Killed Terence
  2648 | D:3      | Reached XP level 5. HP: 38/47 MP: 7/7
  2910 | D:3      | Reached skill level 4 in Axes
  2914 | D:3      | HP: 10/47 [gnoll/+0 spear (5)]
  2915 | D:3      | Slain by a gnoll

Illustrated notes

Levels and vault maps discovered:
D:1:      minmay_arrival_arboretum_large, layout_loops_ring, serial_shops,
          nicolae_shop_advertising_works [nicolae_subvault_shop_adworks],
          hellmonk_ecumenical_altar_inner_sanctum, kennysheep_nondescript
D:2:      layout_loops_ring, minmay_pentomino_v4
D:3:      layout_loops_corners, mainiacjoe_overflow_surrounded_room,
          gammafunk_temple_overflow_pools, kennysheep_donut,
          kennysheep_decorative_pillar, grunt_ministairs_5, moated_statue,
          uniq_natasha, uniq_terence

Skill      XL: |  1  2  3  4  5 |
---------------+----------------+-----
Axes           | 2 3 4 |  4.0
Fighting       | 3 4 |  4.6
Armour         | |  2.6
Shields        | |  2.6

Action                   |  1- 3 |  4- 6 || total
-------------------------+-------+-------++-------
Melee: War axe           |    82 |    99 ||   181
Throw: Stone             |    26 |    28 ||    54
  Use: Scroll            |     7 |     4 ||    11
       Potion            |       |     2 ||     2
Armor: Scale mail        |    46 |       ||    46
       Chain mail        |     2 |    69 ||    71
Dodge: Dodged            |    26 |    30 ||    56
Block: Buckler           |    16 |    22 ||    38

Table legend: (Time is in decaauts)
 A = Elapsed time spent in this place.
 B = Non-inter-level travel time spent in this place.
 C = Inter-level travel time spent in this place.
 D = Time resting spent in this place.
 E = Time spent auto-exploring this place.
 F = Levels seen in this place.
 G = Mean time per level.
                   A        B        C        D        E       F      G
               +--------+--------+--------+--------+--------+-----+--------+
         Total |   2992 |   2955 |     37 |    685 |   1702 |   3 |  997.3 |
       Dungeon |   2992 |   2955 |     37 |    685 |   1702 |   3 |  997.3 |
               +--------+--------+--------+--------+--------+-----+--------+

Top non-repeatable levels by time:
     D:1: 1275 daAuts
     D:2: 1123 daAuts
     D:3: 592 daAuts

Table legend:
 A = Kills in this place as a percentage of kills in entire the game.
 B = Kills by you in this place as a percentage of kills by you in the entire game.
 C = Kills by friends in this place as a percentage of kills by friends in the entire game.
 D = Other kills in this place as a percentage of other kills in the entire game.
 E = Experience gained in this place as a percentage of experience gained in the entire game.
 F = Experience gained in this place divided by the number of levels of this place that you have seen.
                   A       B       C       D       E      F
               +-------+-------+-------+-------+-------+----------------------
         Total | 100.0 | 100.0 | 100.0 |   N/A | 100.0 | 110.0
       Dungeon | 100.0 | 100.0 | 100.0 |   N/A | 100.0 | 110.0
               +-------+-------+-------+-------+-------+----------------------
